AoeStats
← THAIR

Golden Pit

508675682Analyzed
1v1 RM · 10d ago on Sep 23, 2026· 46m 48s· 2 players
Game mode
Random Map
Map size
Tiny (2 player)
Population
200
Speed
Normal
Resources
Standard
Victory
Conquest
Starting age
Dark Age
Ending age
Imperial Age
RankedLock teamsTeams togetherTeam positionsShared explorationLock speedFull tech treeHidden civsTurbo modeCheats
Victory
Defeat
🇫🇷 Sicilians · France
588
+11
🇺🇸 Saxons · United States
479
-11
THAIR
7:49 Loom
14:53 Feudal Age
17:09 Wheelbarrow
16:40 Double-Bit Axe
17:02 Town Watch
17:32 Horse Collar
17:42 Arson
18:54 Gold Mining
19:04 Stone Mining
20:57 Man-at-Arms
26:50 Castle Age
27:36 Gambesons
27:52 Squires
27:13 Long Swordsman
28:57 Scale Mail Armor
33:17 Hand Cart
33:03 Town Patrol
33:22 Clerical Recruitment
34:47 Fletching
35:08 Forging
36:41 Ballistics
36:17 Murder Holes
40:29 Imperial Age
39:26 Gold Shaft Mining
39:24 Bodkin Arrow
41:05 Two-Handed Swordsman
42:24 Conscription
45:02 Chemistry
46:19 Bracer
46:35 Chain Mail Armor
Evinrude
9:53 Feudal Age
9:42 Loom
17:50 Double-Bit Axe
17:47 Horse Collar
23:43 Castle Age
23:48 Wheelbarrow
23:05 Gold Mining
24:00 Bloodlines
26:38 Forging
30:49 Bow Saw
33:18 Ballistics
33:06 Scale Barding Armor
33:37 Iron Casting
32:55 Fletching
33:45 Husbandry
36:40 Murder Holes
36:57 Masonry
41:59 Imperial Age
40:50 Hand Cart
45:16 Heavy Mounted Crossbowman
45:17 Cranequins
Connection lost

Rejoining the realm…

Still unreachable

The connection could not be restored.

Session expired

The server has moved on; the page needs a fresh start.